 Dungeon Crawl Stone Soup version 0.30.1-11-g7821555f0a (webtiles) character file.

Game seed: 12779273418641665402

4743 monsoonserge the Skirmisher (level 10, -2/45 (51) HPs)
             Began as a Spriggan Hunter on Nov 3, 2023.
             Was a Priest of Okawaru.
             Slain by a hornet (11 damage)
             ... on level 9 of the Dungeon.
             The game lasted 00:28:46 (9835 turns).

monsoonserge the Skirmisher (Spriggan Hunter)       Turns: 9835, Time: 00:28:47

HP:   -2/45 (51)    AC:  2    Str:  7    XL:     10   Next: 22%
MP:   0/13          EV: 26    Int: 11    God:    Okawaru [***...]
Gold: 488           SH:  0    Dex: 23    Spells: 9/9 levels left

rFire   . . .        a - +0 shortbow
rCold   . . .        (shield currently unavailable)
rNeg    + . .        h - +0 robe {rN+}
rPois   .            (helmet restricted)
rElec   .            k - scarf {+Inv}
rCorr   .            (gloves unavailable)
SInv    +            (boots unavailable)
Will    +++..        x - amulet of guardian spirit
Stlth   ++++         u - ring of willpower
HPRegen 0.27/turn    H - ring of willpower
MPRegen 0.13/turn

%: guardian spirit
@: lethally poisoned (-2 -> -5), heroic, slowed, heavily drained, quick
A: very small, no large weapons, unfitting armour, see invisible, speed 3
a: Renounce Religion, Evoke Invisibility, Heroism


You were on level 9 of the Dungeon.
You worshipped Okawaru.
Okawaru was most pleased with you.
You visited 3 branches of the dungeon, and saw 12 of its levels.

You collected 704 gold pieces.
You spent 216 gold pieces at shops.

Inventory:

Hand Weapons
 a - a +0 shortbow (weapon)
Missiles
 w - 37 poisoned darts
 D - a curare-tipped dart
Armour
 h - a +0 robe of positive energy (worn)
 k - a scarf of invisibility (worn)
 t - a +0 cloak
Jewellery
 f - an amulet of faith
 o - the ring of Agnosticism {rPois rC+ Int+5 Dex-4 Stlth+}
   (You found it on level 2 of the Dungeon)

   [ring of protection from cold]

   Int:       It affects your intelligence (+5).
   Dex:       It affects your dexterity (-4).
   rC:        It protects you from cold.
   rPois:     It protects you from poison.
   Stlth:     It makes you more stealthy.
 r - a ring of ice
 u - a ring of willpower (left hand)
 x - an amulet of guardian spirit (around neck)
 H - a ring of willpower (right hand)
Wands
 q - a wand of paralysis (5)
 F - a wand of mindburst (14)
 I - a wand of light (4)
Scrolls
 b - a scroll of immolation
 c - 2 scrolls of teleportation
 d - 2 scrolls of enchant weapon
 j - 4 scrolls of poison
 n - 3 scrolls of fear
 s - a scroll of vulnerability
 y - a scroll of brand weapon
 A - a scroll of fog
 C - 2 scrolls of magic mapping
 E - a scroll of blinking
 J - 3 scrolls of enchant armour
Potions
 e - a potion of curing {unknown}
 g - 2 potions of flight
 i - 2 potions of attraction
 l - 2 potions of might
 m - 2 potions of heal wounds {unknown}
 p - 2 potions of berserk rage
 v - a potion of cancellation {unknown}
 z - a potion of resistance
 B - 2 potions of mutation {unknown}
 G - 2 potions of degeneration {unknown}
 L - a potion of ambrosia {unknown}


   Skills:
 + Level 5.4(10.4) Fighting
 + Level 12.0(17.0) Ranged Weapons
 + Level 4.5(9.5) Dodging
 + Level 3.5(8.5) Stealth
 * Level 3.8 Invocations
 + Level 7.0 Evocations


You had 9 spell levels left.
You didn't know any spells.
Your spell library contained the following spells:

 Spells                   Type           Power      Damage    Failure   Level
 Freeze                   Ice            0%         1d3       34%         1
 Shock                    Conj/Air       0%         1d3       34%         1
 Dazzling Flash           Conj/Hex       0%         N/A       71%         3
 Frozen Ramparts          Ice            0%         1d1       71%         3
 Hailstorm                Conj/Ice       0%         3d3       71%         3
 Mephitic Cloud           Conj/Pois/Air  0%         N/A       71%         3
 Portal Projectile        Hex/Tloc       0%         N/A       71%         3
 Swiftness                Air            0%         N/A       71%         3
 Volatile Blastmotes      Fire/Tloc      0%         2d10      71%         3
 Airstrike                Air            0%         2d(0-16)  98%         4
 Iskenderun's Mystic Bla  Conj/Tloc      0%         2d3       98%         4
 Leda's Liquefaction      Hex/Erth       0%         N/A       98%         4
 Passage of Golubria      Tloc           0%         N/A       98%         4
 Blade Hands              Tmut           0%         N/A       100%        5
 Lee's Rapid Deconstruct  Erth           0%         3d4*      100%        5
 Silence                  Hex/Air        0%         N/A       100%        5
 Eringya's Noxious Bog    Tmut/Pois      0%         N/A       100%        6
 Starburst                Conj/Fire      0%         6d3       100%        6
 Statue Form              Tmut/Erth      0%         N/A       100%        6
 Lehudib's Crystal Spear  Conj/Erth      0%         10d2      100%        8
 Chain Lightning          Conj/Air       0%         N/A       100%        9
 Fire Storm               Conj/Fire      0%         5d1       100%        9
 Shatter                  Erth           0%         3d5*      100%        9
 Tukima's Dance           Hex            Unusable   N/A       N/A         3

Dungeon Overview and Level Annotations

Branches:
Dungeon (10/15)            Temple (1/1) D:5            Lair (1/5) D:8
    Orc: D:9-12

Altars:
Ashenzari
Cheibriados
Dithmenos
Elyvilon
Fedhas
Gozag
Hepliaklqana
Kikubaaqudgha
Makhleb
Nemelex Xobeh
Okawaru
Qazlal
Ru
Sif Muna
Trog
Uskayaw
Vehumet
Wu Jian
Xom
Yredelemnul
Zin
The Shining One

Shops:
D:1 (?   D:6 *

Annotations:
D:2 dig for scroll of fear & 11 gold
D:9 Maurice


Innate Abilities, Weirdness & Mutations

You are very small and have problems with some larger weapons.
You are too small for most types of armour.
You have supernaturally acute eyesight. (SInv)
You cover ground extremely quickly. (Speed+++)


Message History

The hornet is severely wounded.
The hornet completely misses you. The hornet stings you!
You feel as though you will be slow longer.
You shoot an arrow. The arrow hits the hornet.
The hornet is almost dead.
The hornet barely misses you. The hornet misses you.
You shoot an arrow. The arrow misses the hornet.
The hornet completely misses you. The hornet stings you!
You are poisoned.
You feel as though you will be slow longer.
You shoot an arrow.
The arrow hits the hornet but does no damage.
The hornet is severely wounded.
You feel very sick. The hornet stings you!
You feel as though you will be slow longer.
The hornet stings you.
* * * LOW HITPOINT WARNING * * *
You feel as though you will be slow longer.
Okay, then.
You are quite poisoned (13 -> 6).
You are slowed.
Your life force is heavily drained.
Your movement speed is quick.
Your attack delay is about 1.3.
Your damage rating with your +0 shortbow is about 16 (Base 9 x 132% (Dex) x 135% (Skill)).
Fire: a) +0 shortbow
Press: ? - help, Q - select action, (/) - cycle Shift-Dir - straight line, f/p - hornet
Aim: a hornet (severely wounded, 60% to hit)
Okay, then.
You gain the combat prowess of a mighty hero.
You feel very sick. The hornet completely misses you.
The hornet barely misses you.
Unknown command.
Fire: a) +0 shortbow
Press: ? - help, Q - select action, (/) - cycle Shift-Dir - straight line, f/p - hornet
Aim: a hornet (severely wounded, 65% to hit)
You shoot an arrow.
The arrow hits the hornet but does no damage.
The hornet is severely wounded.
You feel sick. The hornet stings you!
You die...

.....#......
#...#.....#.. .....#
###.. ##..#.....#.#
####.... .
####+###..#######.#
#...#
#.....##..........#
#...#
#.....##..........# ...#
#.....##..........' .#
#.....##..........#
#..y..##..........#
#######@# #######.##.#
........# ###.##.# .
........# #....... ..
.##..##.# #.......
#####o..
........#############'##
..o.o..
........................
...##..
.................####...
...##.
..#........###...####...
........
........................


You could see a hornet.

Vanquished Creatures
  Erica (D:8)
  A komodo dragon (Lair:1)
  5 yaks
  A steam dragon (D:9)
  A vampire mosquito (D:8)
  An acid dragon (D:7)
  2 orc warriors
  2 water moccasins
  2 ice beasts
  2 black bears
  2 sky beasts
  An ogre (D:6)
  2 centaurs
  Blork the orc (D:4)
  3 kobold brigands
  4 bullfrogs
  2 scorpions
  6 wights
  A howler monkey (D:5)
  A jelly (D:5)
  3 hounds
  2 orc priests
  Crazy Yiuf (D:3)
  2 iguanas
  A sleepcap (D:5)
  3 orc wizards
  10 adders
  4 white imps
  A worm (D:2)
  2 dart slugs
  41 orcs
  9 endoplasms
  3 giant cockroaches
  6 goblins
  5 hobgoblins
  7 jackals (D:4)
  4 quokkas
  6 ball pythons
  2 bats
  2 frilled lizards (D:1)
  23 kobolds
  3 rats
181 creatures vanquished.

Notes
Turn   | Place    | Note
-------+----------+-------------------------------------------
     0 | D:1      | monsoonserge the Spriggan Hunter began the quest for the
                  | Orb.
     0 | D:1      | Reached XP level 1. HP: 10/10 MP: 2/2
   193 | D:1      | Found Sibokiz's Weapon Emporium.
   439 | D:1      | Reached XP level 2. HP: 14/14 MP: 3/3
   519 | D:1      | Found Juifaec's Magic Scroll Shop.
   536 | D:1      | Bought a scroll of noise for 13 gold pieces
   536 | D:1      | Bought a scroll of teleportation for 39 gold pieces
   943 | D:1      | Bought a scroll of poison for 52 gold pieces
  1186 | D:2      | Reached XP level 3. HP: 18/18 MP: 4/4
  1519 | D:2      | Reached skill level 1 in Evocations
  1545 | D:2      | Identified the ring of Agnosticism {rPois rC+ Int+5 Dex-4
                  | Stlth+}
  1722 | D:3      | Reached skill level 5 in Ranged Weapons
  1740 | D:3      | Reached XP level 4. HP: 17/23 MP: 5/5
  1781 | D:3      | Found a glowing silver altar of Zin.
  1867 | D:3      | Got the Collected Works on the Hornet and the Salamander
  1868 | D:3      | Found a faded altar of an unknown god.
  1998 | D:3      | Found a blossoming altar of Fedhas.
  2089 | D:3      | Found a runed translucent door.
  2090 | D:3      | Noticed Crazy Yiuf
  2201 | D:3      | Found a hazy altar of Hepliaklqana.
  2393 | D:3      | Killed Crazy Yiuf
  2394 | D:3      | Reached XP level 5. HP: 19/26 MP: 6/6
  2581 | D:4      | Found a glowing golden altar of the Shining One.
  2834 | D:4      | Reached skill level 6 in Ranged Weapons
  3198 | D:4      | Noticed Blork the orc
  3214 | D:4      | Killed Blork the orc
  3215 | D:4      | Reached XP level 6. HP: 17/31 MP: 4/7
  3289 | D:4      | Found a shimmering blue altar of Sif Muna.
  3834 | D:5      | Entered Level 5 of the Dungeon
  3896 | D:5      | Found an opulent altar of Gozag.
  3896 | D:5      | Noticed a water moccasin
  3921 | D:5      | Killed a water moccasin
  3938 | D:5      | Noticed an ice beast
  3993 | D:5      | Killed an ice beast
  3994 | D:5      | Reached skill level 7 in Ranged Weapons
  3994 | D:5      | Reached XP level 7. HP: 25/35 MP: 5/8
  4050 | D:5      | Found a staircase to the Ecumenical Temple.
  4056 | Temple   | Entered the Ecumenical Temple
  4182 | Temple   | Became a worshipper of Warmaster Okawaru
  4497 | D:5      | Found a hide-covered altar of Uskayaw.
  4897 | D:5      | Reached skill level 1 in Invocations
  4922 | D:6      | Reached skill level 8 in Ranged Weapons
  4999 | D:6      | Reached * piety under Okawaru
  5000 | D:6      | Reached XP level 8. HP: 40/40 MP: 10/10
  5160 | D:6      | Found a radiant altar of Vehumet.
  5160 | D:6      | Found an ornate altar of the Wu Jian Council.
  5380 | D:6      | Found Foleur's General Store.
  5426 | D:6      | Reached skill level 5 in Evocations
  5761 | D:7      | Reached skill level 9 in Ranged Weapons
  6468 | D:7      | Found a white marble altar of Elyvilon.
  6468 | D:7      | Found a snail-covered altar of Cheibriados.
  6576 | D:6      | Reached XP level 9. HP: 38/45 MP: 12/12
  6676 | D:7      | Reached ** piety under Okawaru
  7011 | D:6      | Bought a scroll of blinking for 112 gold pieces
  7034 | D:8      | Found a sparkling altar of Nemelex Xobeh.
  7106 | D:8      | Reached skill level 10 in Ranged Weapons
  7255 | D:8      | HP: 2/45 [acid dragon/splash of acid (25)]
  7904 | D:8      | Found a staircase to the Lair.
  7965 | D:8      | Found a basalt altar of Yredelemnul.
  8228 | D:9      | Noticed Erica
  8301 | D:8      | Killed Erica
  8301 | D:8      | Reached *** piety under Okawaru
  8302 | D:8      | Reached skill level 11 in Ranged Weapons
  8486 | D:9      | Reached skill level 5 in Fighting
  8521 | D:9      | Reached XP level 10. HP: 51/51 MP: 13/13
  8837 | D:9      | Found a sacrificial altar of Ru.
  8940 | D:9      | Found a shadowy altar of Dithmenos.
  9004 | D:9      | Noticed Maurice
  9102 | D:10     | Entered Level 10 of the Dungeon
  9325 | Lair:1   | Entered Level 1 of the Lair of Beasts
  9349 | Lair:1   | Reached **** piety under Okawaru
  9350 | Lair:1   | Reached skill level 12 in Ranged Weapons
  9391 | Lair:1   | Noticed a death yak
  9392 | Lair:1   | Noticed a death yak
  9392 | Lair:1   | Noticed a death yak
  9392 | Lair:1   | Noticed a death yak
  9835 | D:9      | Slain by a hornet

Illustrated notes

Levels and vault maps discovered:
D:1:      dpeg_arrival_three_bigger_balls, layout_loops_corners, serial_shops,
          nicolae_shop_advertising_works [nicolae_subvault_shop_adworks],
          nicolae_square_shop
D:2:      layout_loops_ring, minivault_11, lightli_corner_chamber
D:3:      layout_rooms, mainiacjoe_overflow_brackets, zin_statuary,
          mainiacjoe_overflow_24_doors,
          shapermc_ecumenical_altar_mp_ritualfount, uniq_crazy_yiuf_cottage
D:4:      layout_layer_cave, nicolae_tso_carved_into_rock, tgw_sif,
          dreamdust_wishing_well, abandoned_shop
D:5:      layout_loops_cross, nicolae_overflow_crystal_walls,
          mainiacjoe_overflow_small_starburst,
          minmay_temple_entry_enclosed_plants, kennysheep_dice
D:6:      layout_rooms, gammafunk_temple_overflow_wave, serial_shops,
          nicolae_take_the_stairs, grunt_decor_clamped
D:7:      layout_loops_cross, jmf_multi_god_temple
D:8:      layout_cave_pools, nemelex_diamond_rough_becter,
          mainiacjoe_overflow_alcove_1, lair_entry_dummy, minmay_diced_spiral
D:9:      layout_stronghold, grunt_dithmenos_smoke,
          mainiacjoe_overflow_six_doors_small, serial_shops, shop, uniq_pikel,
          uniq_erica, uniq_maurice
D:10:     layout_basic, reono_crystal_passage, uniq_maggie, uniq_amaemon
Temple:   hellmonk_temple_beads
Lair:1:   layout_cave_pods, minivault_26, uniq_gastronok, uniq_urug

Skill      XL: |  1  2  3  4  5  6  7  8  9 10 |
---------------+-------------------------------+-----
Dodging        | 3 4 |  4.5
Evocations     | 1 2 3 4 5 7 |  7.0
Ranged Weapons | 5 6 7 8 9 11 12 | 12.0
Fighting       | 2 3 4 5 |  5.4
Stealth        | 2 3 |  3.5
Invocations    | 1 3 |  3.8

Action                     |  1- 3 |  4- 6 |  7- 9 | 10-12 || total
---------------------------+-------+-------+-------+-------++-------
   Fire: Shortbow          |   126 |   162 |   457 |    82 ||   827
 Invoke: Heroism           |       |       |       |     2 ||     2
Ability: Evoke Invisibilit |       |       |       |     2 ||     2
    Use: Scroll            |     1 |     5 |     5 |     1 ||    12
 Armour: Robe              |     9 |     5 |     7 |     2 ||    23
  Dodge: Dodged            |    59 |    42 |   107 |    33 ||   241
